 Dungeon Crawl Stone Soup version 0.26-a0-30-g56b8cd3df0 (webtiles) character file.

Game seed: 7651036713654431162, levelgen mode: deterministic

364 sanka the Chiller (level 6, -2/41 HPs)
             Began as a Barachi Ice Elementalist on May 30, 2020.
             Killed by divine providence
             ... invoked by an orc priest
              (12 damage)
             ... on level 4 of the Dungeon.
             The game lasted 00:07:27 (3479 turns).

sanka the Chiller (Barachi Ice Elementalist)        Turns: 3479, Time: 00:07:28

Health: -2/41      AC:  2    Str:  9    XL:     6   Next: 67%
Magic:  0/10       EV: 12    Int: 18    God:
Gold:   122        SH:  0    Dex: 12    Spells: 3/11 levels left

rFire    . . .     SeeInvis .   k - +0 war axe (freeze)
rCold    . . .     Gourm    .   (no shield)
rNeg     . . .     Faith    .   a - +0 robe
rPois    .         Spirit   .   (no helmet)
rElec    .         Reflect  .   (no cloak)
rCorr    .         Harm     .   (no gloves)
MR       .....                  (no boots)
Stlth    ++........             (no amulet)
HPRegen  0.13/turn              (no ring)
MPRegen  0.12/turn              (no ring)

@: brilliant, slow
A: +LOS, swims, slowness 1, strong legs 1
a: Hop


You were on level 4 of the Dungeon.
You were hungry.

You visited 1 branch of the dungeon, and saw 4 of its levels.

You collected 122 gold pieces.


Innate Abilities, Weirdness & Mutations

You can be seen from farther away. (+LOS)
You can swim through water.
You cover ground slowly.
You can hop short distances.


   Skills:
 - Level 2.1 Dodging
 - Level 1.7 Stealth
 - Level 3.0 Spellcasting
 - Level 4.0 Summonings
 + Level 7.9 Ice Magic


You had 3 spell levels left.
You knew the following spells:

 Your Spells              Type           Power        Failure   Level  Hunger
x - Summon Ice Beast      Ice/Summ       #####...     14%         4    None
y - Frozen Ramparts       Ice            #####.       1%          3    None
z - Freeze                Ice            ####         1%          1    None

Your spell library contained the following spells:

 Spells                   Type           Power        Failure   Level  Hunger
 Ozocubu's Armour         Chrm/Ice       ####....     10%         3    None
 Hailstorm                Conj/Ice       ####....     32%         4    None

Inventory:

Hand Weapons
 k - a +0 war axe of freezing (weapon)
 s - a +0 flail
Missiles
 i - 14 stones (quivered)
Armour
 a - a +0 robe (worn)
Jewellery
 m - an uncursed amulet of guardian spirit
Wands
 l - a wand of polymorph (6)
Scrolls
 b - 3 scrolls of teleportation {unknown}
 d - 5 scrolls of identify {unknown}
 e - 3 scrolls of enchant weapon {unknown}
 h - 2 scrolls of remove curse {unknown}
 j - a scroll of amnesia {unknown}
Comestibles
 c - 4 rations
 g - 7 chunks of flesh

Dungeon Overview and Level Annotations

Branches:
Dungeon (4/15)
 Temple: D:4-7

Altars:
Kikubaaqudgha

▒.▒!▒ ▒...▒ ..... ▒.▒.▒
▒▒▒▒▒▒▒▒.▒.▒......
▒.▒.▒▒▒▒.........o.......
▒.▒.▒▒....≈..⌠.#.▒
▒▒▒.▒.▒..≈≈≈≈....▒.!.o....o
....▒.....≈≈≈..)▒▒.▒▒.....o
▒..▒.▒▒..≈≈≈≈.)▒▒.. .....
▒........≈≈≈≈≈.o▒..▒ ▒.▒▒
▒▒▒▒)..........≈F▒..▒ ▒
.▒.[÷....⌠o...._.▒..▒
.▒.▒▒.▒....▒▒....▒.▒▒
...▒▒▒....▒▒▒▒▒▒▒▒.▒ ..▒▒
▒.▒... ..▒▒ .▒▒▒▒. ...▒▒ ▒
▒ ........ ...▒▒▒..▒


You could see an orc priest and an orc wizard.


Message History

The orc wizard blinks!
The orc priest hits you with a +0 trident!
* * * LOW HITPOINT WARNING * * *
The orc wizard gestures wildly while chanting.
The orc wizard blinks!
Unknown command.
Aiming: Freeze (safe; 1% risk of failure)
Aim: an orc priest, wielding a +0 trident and wearing a +0 chain mail You freeze the orc priest!
The orc priest is heavily wounded.
The orc priest hits you with a +0 trident.
* * * LOW HITPOINT WARNING * * *
It was a potion of cancellation.
You feel magically purged.
The orc priest hits you with a +0 trident.
* * * LOW HITPOINT WARNING * * *
The orc wizard casts a spell at you. The magic dart hits you.
* * * LOW HITPOINT WARNING * * *
It was a potion of heal wounds.
The orc priest invokes the aid of Beogh against you.
Beogh smites you!
* * * LOW HITPOINT WARNING * * *
The orc wizard casts a spell at you. You resist with some effort.
It was a potion of brilliance.
You feel clever all of a sudden.
The orc priest invokes the aid of Beogh against you.
Beogh smites you!
You die...

Action                   |  1- 3 |  4- 6 || total
-------------------------+-------+-------++-------
Melee: Unarmed           |    10 |       ||    10
       Club              |     3 |       ||     3
       Short sword       |     4 |    14 ||    18
       War axe           |       |     2 ||     2
Throw: Stone             |       |     2 ||     2
 Cast: Freeze            |    47 |    67 ||   114
       Frozen Ramparts   |       |     5 ||     5
  Use: Potion            |       |     5 ||     5
 Stab: Sleeping          |     1 |     3 ||     4
       Distracted        |     1 |       ||     1
  Eat: Chunk             |     3 |     6 ||     9
Armor: Robe              |    12 |    12 ||    24
Dodge: Dodged            |    46 |    36 ||    82

Levels and vault maps discovered:
D:1:      co_arrival_random_square_maze, layout_basic, serial_co_window_serial,
          co_window_paths_a, co_window_paths_a, co_window_paths_b,
          co_window_paths_a, co_window_paths_a, co_window_2corner,
          co_window_unsneaky_path_b, co_window_cross_4, co_window_paths_e,
          glass_columns_b, glass_columns_c, glass_columns_a
D:2:      layout_loops_ring, uniq_natasha
D:3:      layout_basic
D:4:      layout_loops_ring, kiku_gazebo_pond_becter, small_statue_alley_b,
          uniq_eustachio

Notes
Turn   | Place    | Note
-------+----------+-------------------------------------------
     0 | D:1      | sanka the Barachi Ice Elementalist began the quest for the
                  | Orb.
     0 | D:1      | Reached XP level 1. HP: 13/13 MP: 3/3
   355 | D:1      | Reached XP level 2. HP: 13/19 MP: 0/5
   374 | D:1      | Reached skill level 3 in Spellcasting
   495 | D:1      | Reached skill level 5 in Ice Magic
   857 | D:1      | Reached XP level 3. HP: 24/24 MP: 5/7
   863 | D:1      | Learned a level 3 spell: Frozen Ramparts
  1164 | D:2      | Noticed Natasha
  1539 | D:2      | Reached skill level 6 in Ice Magic
  1571 | D:2      | Reached XP level 4. HP: 30/30 MP: 4/8
  1697 | D:2      | Learned a level 4 spell: Summon Ice Beast
  2016 | D:2      | Reached skill level 1 in Summonings
  2246 | D:2      | Killed Natasha
  2246 | D:2      | Reached XP level 5. HP: 34/35 MP: 6/9
  2431 | D:2      | Noticed Natasha
  2437 | D:2      | Killed Natasha
  2437 | D:2      | Reached skill level 2 in Summonings
  2502 | D:2      | Noticed Natasha
  2510 | D:2      | Killed Natasha
  2633 | D:3      | Reached skill level 7 in Ice Magic
  2778 | D:3      | Reached skill level 3 in Summonings
  2951 | D:3      | Reached XP level 6. HP: 41/41 MP: 4/10
  3435 | D:4      | Found an ancient bone altar of Kikubaaqudgha.
  3464 | D:4      | Reached skill level 4 in Summonings
  3477 | D:4      | HP: 2/41 [orc wizard/magic dart (4)]
  3479 | D:4      | Killed from afar by an orc priest

Vanquished Creatures
  An orc priest (D:4)
  An orc wizard (D:4)
  Natasha (thrice) (D:2)
  3 gnolls (D:3)
  11 adders
  An ooze (D:1)
  A dart slug (D:1)
  3 leopard geckos
  9 orcs
  A ball python (D:2)
  7 giant cockroaches
  11 goblins
  8 hobgoblins
  6 jackals (D:2)
  6 kobolds
  2 quokkas (D:3)
  5 bats (D:2)
  A frilled lizard (D:2)
  7 rats
87 creatures vanquished.
